 Dungeon Crawl Stone Soup version 0.24.0-13-gcf9b319 (webtiles) character file.

Game seed: 17340580556796893566, levelgen mode: deterministic

35 Fang the Skirmisher (level 3, -10/24 HPs)
             Began as a Gargoyle Fighter on Jan 2, 2020.
             Killed from afar by Natasha (12 damage)
             ... with a puff of flame
             ... on level 2 of the Dungeon.
             The game lasted 00:00:46 (932 turns).

Fang the Skirmisher (Gargoyle Fighter)               Turns: 932, Time: 00:00:47

Health: -10/24     AC: 12    Str: 25    XL:     3   Next: 33%
Magic:  3/3        EV:  6    Int:  8    God:
Gold:   36         SH:  9    Dex:  9    Spells: 2/2 levels left

rFire    . . .     SeeInvis .   a - +0 war axe
rCold    . . .     Gourm    .   B - +0 shield
rNeg     + . .     Faith    .   b - +0 chain mail
rPois    ∞         Spirit   .   (no helmet)
rElec    +         Reflect  .   (no cloak)
rCorr    .         Harm     .   (no gloves)
MR       .....                  (no boots)
Stlth    ..........             (no amulet)
HPRegen  0.08/turn              j - +5 ring of strength
MPRegen  0.08/turn              (no ring)

@: slowed, very slow
A: negative energy resistance 1, electricity resistance, unbreathing,
petrification resistance, rot immunity, AC +3
a: no special abilities


You were on level 2 of the Dungeon.
You were not hungry.

You visited 1 branch of the dungeon, and saw 2 of its levels.

You collected 36 gold pieces.

Inventory:

Hand Weapons
 a - a +0 war axe (weapon)
Armour
 b - a +0 chain mail (worn)
 B - a +0 shield (worn)
Jewellery
 j - a +5 ring of strength (left hand)
Scrolls
 g - a scroll of enchant armour {unknown}
 k - a scroll of amnesia {unknown}
 l - 2 scrolls of blinking {unknown}
 m - a scroll of random uselessness {unknown}
Potions
 d - a potion of might
 e - a potion of flight {unknown}
 h - a potion of haste {unknown}
 i - a potion of magic {unknown}
 n - a potion of agility {unknown}
Comestibles
 c - a ration


   Skills:
 + Level 3.7 Fighting
 + Level 2.2 Axes
 + Level 3.7 Armour
 + Level 3.7 Shields


You had 2 spell levels left.
You didn't know any spells.
Your spell library was empty.

Dungeon Overview and Level Annotations

Branches:
Dungeon (2/15)

Altars:

Annotations:
D:2 Natasha


Innate Abilities, Weirdness & Mutations

You are resistant to torment.
Your stone body is resilient. (AC +3)
You are immune to poison.
You resist negative energy. (rN+)
You are resistant to electric shocks. (rElec)
You can survive without breathing.
You are immune to petrification.
You are immune to rotting.


Message History

Natasha is almost dead.
Your shield and chain mail prevent you from hitting the crimson imp.
You block Natasha's attack.
The crimson imp hits you but does no damage.
Natasha barely misses you.
The crimson imp hits you but does no damage.
Your chain mail prevents you from hitting Natasha.
Natasha is almost dead.
You hit the crimson imp. Natasha claws you but does no damage.
The crimson imp blinks!
Natasha mumbles some strange words.
You block Natasha's attack.
You hit Natasha but do no damage.
Natasha is almost dead.
You hit the white imp.
The white imp hits you but does no damage.
Natasha claws you but does no damage.
Natasha zaps a wand.
The puff of flame hits you!
Ouch! That really hurt!
You die...

.# ## ... .## ..#
..###).##
#######........
#..........#.#
#....†5@h....##
###......)5......
#.>...!....###.##
#..........#
#..........#
#..........!.....
#...........#####
#............#
##########....#


You could see Natasha, a crimson imp and a white imp.

Vanquished Creatures
  Natasha (D:2)
  2 leopard geckos (D:1)
  2 giant cockroaches (D:2)
  2 frilled lizards
  2 kobolds
9 creatures vanquished.

Notes
Turn   | Place    | Note
-------+----------+-------------------------------------------
     0 | D:1      | Fang the Gargoyle Fighter began the quest for the Orb.
     0 | D:1      | Reached XP level 1. HP: 14/14 MP: 1/1
   653 | D:2      | Reached XP level 2. HP: 18/19 MP: 2/2
   664 | D:2      | Noticed Natasha
   675 | D:2      | Noticed a crimson imp
   675 | D:2      | Killed Natasha
   675 | D:2      | Reached XP level 3. HP: 4/24 MP: 3/3
   689 | D:2      | Noticed Natasha
   932 | D:2      | Killed from afar by Natasha

Levels and vault maps discovered:
D:1:      dpeg_arrival_lava_temple_mockup, layout_basic, dk_noncrumbling_2
D:2:      layout_rooms, first_ration, uniq_natasha, uniq_robin

Skill      XL: |  1  2 |
---------------+-------+-----
Axes           | 2 |  2.2
Fighting       | |  3.7
Armour         | |  3.7
Shields        | |  3.7

Action                   || total
-------------------------++-------
Melee: War axe           ||    53
Armor: Scale mail        ||    13
       Chain mail        ||    23
Dodge: Dodged            ||    22
Block: Shield            ||    34
